 Dungeon Crawl Stone Soup version 0.25-a0-834-g55863b0 (webtiles) character file.

Game seed: 11245926698382653351, levelgen mode: deterministic

34 BlueFish the Covered (level 3, -6/33 HPs)
             Began as a Minotaur Fighter on Apr 23, 2020.
             Killed by divine providence
             ... invoked by an orc priest
              (10 damage)
             ... on level 2 of the Dungeon.
             The game lasted 00:01:14 (574 turns).

BlueFish the Covered (Minotaur Fighter)              Turns: 574, Time: 00:01:15

Health: -6/33      AC:  9    Str: 20    XL:     3   Next: 14%
Magic:  2/2        EV:  9    Int:  5    God:
Gold:   69         SH:  0    Dex: 10    Spells: 2/2 levels left

rFire    . . .     SeeInvis .   a - +0 long sword
rCold    + . .     Gourm    .   (no shield)
rNeg     . . .     Faith    .   b - +0 scale mail
rPois    .         Spirit   .   (helmet restricted)
rElec    .         Reflect  .   k - +0 cloak
rCorr    .         Harm     .   (no gloves)
MR       .....                  n - +0 pair of boots
Stlth    ..........             (no amulet)
HPRegen  0.11/turn              l - ring of protection from cold
MPRegen  0.08/turn              (no ring)

@: no status effects
A: retaliatory headbutt, horns 2
a: no special abilities


You were on level 2 of the Dungeon.
You were not hungry.

You visited 1 branch of the dungeon, and saw 2 of its levels.

You collected 69 gold pieces.

Inventory:

Hand Weapons
 a - a +0 long sword (weapon)
Armour
 b - a +0 scale mail (worn)
 c - a +0 kite shield
 k - a +0 cloak (worn)
 n - a +0 pair of boots (worn)
Jewellery
 l - a ring of protection from cold (left hand)
Scrolls
 m - a scroll of immolation
Potions
 d - a potion of might
 e - a potion of ambrosia
 i - a potion of lignification {unknown}
 j - a potion of mutation {unknown}
Comestibles
 f - 2 rations
 h - 3 chunks of flesh


   Skills:
 * Level 4.0 Fighting
 * Level 3.2 Long Blades
 * Level 4.2 Armour
 + Level 3.8 Shields


You had 2 spell levels left.
You didn't know any spells.
Your spell library was empty.

Dungeon Overview and Level Annotations

Branches:
Dungeon (2/15)

Altars:


Innate Abilities, Weirdness & Mutations

You reflexively headbutt those who attack you in melee.
You have a pair of horns on your head.


Message History

You barely miss the orc priest. You headbutt the orc priest.
The orc priest is moderately wounded.
The orc closely misses you.
The orc priest hits you but does no damage.
The worm bites you.
You hit the orc priest. Your headbutt misses the orc priest.
The orc priest is heavily wounded.
The orc closely misses you.
The orc priest hits you with a cursed -1 short sword.
The worm closely misses you. You furiously retaliate!
You headbutt the worm.
You hit the orc priest but do no damage.
The orc priest is heavily wounded.
The orc priest calls down the wrath of Beogh upon you.
Beogh smites you!
* * * LOW HITPOINT WARNING * * *
The orc barely misses you.
You riposte.
You slash the orc!
You kill the orc!
The orc priest invokes the aid of Beogh against you.
Beogh smites you!
You die...

#..............
#.<..##.#......
#.##.##.#.##..#
#>...)........
####.......#. #
#.(.....#.# #.#
#.####[...#...#
#. ##.w...... #
#@)......
#o####### #.l
.K.≈ .....
.......
........
..#..≈...≈


You could see a worm, an orc priest, a kobold and a frilled lizard.

Vanquished Creatures
  An ooze (D:1)
  2 leopard geckos (D:1)
  3 orcs (D:2)
  5 goblins
  2 hobgoblins
  3 bats
  2 frilled lizards (D:1)
  A kobold (D:1)
  7 rats (D:1)
26 creatures vanquished.

Notes
Turn   | Place    | Note
-------+----------+-------------------------------------------
     0 | D:1      | BlueFish the Minotaur Fighter began the quest for the Orb.
     0 | D:1      | Reached XP level 1. HP: 19/19 MP: 0/0
   150 | D:1      | Reached XP level 2. HP: 27/27 MP: 1/1
   562 | D:2      | Reached XP level 3. HP: 29/33 MP: 2/2
   574 | D:2      | Killed from afar by an orc priest

Levels and vault maps discovered:
D:1:      saegor_arrival_simple_e, layout_rooms
D:2:      cheibrodos_pilgrimage, layout_basic, first_ration

Skill      XL: |  1  2 |
---------------+-------+-----
Armour         | 4 |  4.2
Long Blades    | 3 |  3.2
Fighting       | 4 |  4.0
Shields        | |  3.8

Action                   || total
-------------------------++-------
Melee: Long sword        ||    57
       Headbutt          ||    12
  Use: Scroll            ||     2
Armor: Scale mail        ||    26
Dodge: Dodged            ||    36
       Rpst.: Long sword ||     8

Table legend:
 A = Non-vault XP
 B = Vault XP
 C = Vault XP percentage of total XP
 D = Non-vault monster count
 E = Vault monster count
 F = Vault count percentage of total count
                 A         B        C        D         E       F
            +---------+---------+-------+---------+---------+-------
      Total |      40 |       9 |  18.4 |      23 |       3 |  11.5
            +---------+---------+-------+---------+---------+-------
        D:1 |      34 |       0 |   0.0 |      19 |       0 |   0.0
        D:2 |       6 |       9 |  60.0 |       4 |       3 |  42.9
            +---------+---------+-------+---------+---------+-------
